 Dungeon Crawl Stone Soup version 0.14-a0-1844-g8283a67 (webtiles) character file.

108367 ReteAZ the Severer (level 15, -4/129 HPs)
             Began as a Deep Dwarf Necromancer on Jan 12, 2014.
             Was a High Priest of Makhleb.
             Slain by a naga
             ... wielding a +1,+2 halberd of dragon slaying
              (7 damage)
             ... on Level 2 of the Snake Pit.
             The game lasted 04:38:41 (32502 turns).

ReteAZ the Severer (Deep Dwarf Necromancer)        Turns: 32502, Time: 04:38:42

HP  -4/129       AC 12     Str 19      XL: 15   Next: 98%
MP   7/26        EV 19     Int 18      God: Makhleb [*****.]
Gold 1489        SH  0     Dex 13      Spells:  5 memorised, 15 levels left

rFire  + . .     SeeInvis +     M - +1,+0 dwarf battleaxe (chop)
rCold  + . .     Clarity  .     h - +2 robe of Imuepat {+Rage rC+ Acc+4}
rNeg   + + .     Conserve .     (no shield)
rPois  +         rCorr    .     l - +2 helmet
rElec  .         rRot     .     o - +0 elf cloak {rPois}
SustAb . .       Spirit   .     v - +1 pair of gloves {Str+3}
rMut   .         Warding  +     i - +0 pair of boots "Kojetetu" {SInv}
Saprov . . .     Stasis   .     u - amulet of warding
                                s - ring of protection from fire
                                q - ring of protection from magic

@: non-regenerating, constricted, extremely resistant to hostile enchantments,
stealthy
A: damage resistance, recharge devices, claws 1, blink 1, life protection 1,
sense surroundings 2, slow healing 3
a: Device Recharging, Blink, Minor Destruction, Lesser Servant of Makhleb, Major
Destruction, Greater Servant of Makhleb, Renounce Religion, Evoke Berserk Rage


You were on level 2 of the Snake Pit.
You worshipped Makhleb.
Makhleb was extremely pleased with you.
You were hungry.

You visited 6 branches of the dungeon, and saw 32 of its levels.
You also visited: Bailey and Ice Cave.

You collected 2620 gold pieces.
You spent 1131 gold pieces at shops.

Inventory:

Hand weapons
 k - a +2,+2 dagger of flaming
 M - a +1,+0 dwarven battleaxe of chopping (weapon)
Missiles
 L - 3 tomahawks of returning (quivered)
Armour
 h - the +2 robe of Imuepat (worn) {+Rage rC+ Acc+4}
   (You bought it in a shop on level 1 of the Shoals)

   It affects your accuracy (+4).
   It protects you from cold.
   It lets you go berserk.
 i - the +0 pair of boots "Kojetetu" (worn) {SInv}
   (You found it on level 8 of the Lair of Beasts)

   It enhances your eyesight.
 l - a +2 helmet (worn)
 o - a +0 elven cloak of poison resistance (worn)
 v - a +1 pair of gloves of strength (worn)
 Z - a +0 troll leather armour
Magical devices
 a - a wand of enslavement (7)
 c - a wand of heal wounds (1)
 B - a wand of cold (7)
 J - a wand of disintegration (3)
 U - a wand of draining (5)
 W - a wand of hasting (4)
Comestibles
 d - 3 bread rations
 g - 4 apples
 p - 4 pears
 z - 4 cheeses
Scrolls
 n - 2 scrolls of remove curse
 t - a scroll of fear
 w - 2 scrolls of teleportation
 y - 4 scrolls of fog
 K - a scroll of enchant armour
Jewellery
 m - a +2 ring of strength
 q - a ring of protection from magic (left hand)
 s - a ring of protection from fire (right hand)
 u - an amulet of warding (around neck)
 C - a +2 ring of dexterity
 G - an uncursed ring of protection from cold
 H - an uncursed ring of magical power
Potions
 e - 2 potions of restore abilities
 f - 2 potions of brilliance
 j - a potion of agility
 r - a potion of invisibility
 I - a potion of curing
 R - a potion of porridge
 S - a potion of lignification
 Y - a potion of magic
Books
 b - a book of Necromancy

   Spells                             Type                      Level
   *Pain                              Necromancy                   1
   Animate Skeleton                   Necromancy                   1
   Lethal Infusion                    Charms/Necromancy            2
   *Vampiric Draining                 Necromancy                   3
   Regeneration                       Charms/Necromancy            3
   Animate Dead                       Necromancy                   4
   Control Undead                     Necromancy                   4
 x - a book of Alchemy

   Spells                             Type                      Level
   Lethal Infusion                    Charms/Necromancy            2
   Sublimation of Blood               Necromancy                   2
   Condensation Shield                Ice                          4
   Alistair's Intoxication            Transmutation/Poison         4
   Petrify                            Transmutation/Earth          4
   Ignite Poison                      Fire/Transmutation           5
 A - a book of Maledictions

   Spells                             Type                      Level
   Corona                             Hexes                        1
   Sure Blade                         Hexes/Charms                 2
   Ensorcelled Hibernation            Hexes/Ice                    2
   Confuse                            Hexes                        3
   Enslavement                        Hexes                        4
   Invisibility                       Hexes                        6
 D - a book of the Warp

   Spells                             Type                      Level
   Recall                             Summoning/Translocation      3
   Control Teleport                   Charms/Translocation         4
   Phase Shift                        Translocation                5
   Warp Weapon                        Charms/Translocation         5
   Dispersal                          Translocation                6
   Controlled Blink                   Translocation                7
   Disjunction                        Translocation                8
 F - a book of Dreams

   Spells                             Type                      Level
   Ensorcelled Hibernation            Hexes/Ice                    2
   *Flight                            Charms/Air                   3
   Phase Shift                        Translocation                5
   Shadow Creatures                   Summoning                    5
   Mass Confusion                     Hexes                        6
   Darkness                           Hexes                        7
 O - a book of Minor Magic

   Spells                             Type                      Level
   Magic Dart                         Conjuration                  1
   *Blink                             Translocation                2
   Call Imp                           Summoning                    2
   *Repel Missiles                    Charms/Air                   2
   Slow                               Hexes                        2
   Conjure Flame                      Conjuration/Fire             3
   Mephitic Cloud                     Conjuration/Poison/Air       3
 T - a book of Clouds

   Spells                             Type                      Level
   Mephitic Cloud                     Conjuration/Poison/Air       3
   Conjure Flame                      Conjuration/Fire             3
   Poisonous Cloud                    Conjuration/Poison/Air       6
   Freezing Cloud                     Conjuration/Ice/Air          6
   Ring of Flames                     Charms/Fire                  7


   Skills:
 - Level 7.0 Fighting
 + Level 19.6 Axes
 - Level 7.0 Armour
 - Level 12.1 Dodging
 - Level 2.4 Stealth
 - Level 6.2 Spellcasting
 - Level 3.0 Charms
 - Level 12.0 Necromancy
 - Level 5.0 Translocations
 - Level 10.0 Invocations
 - Level 4.1 Evocations


You had 15 spell levels left.
You knew the following spells:

 Your Spells              Type           Power        Failure   Level  Hunger
a - Pain                  Necr           ####         1%          1    None
b - Vampiric Draining     Necr           #####.....   1%          3    ##.....
c - Repel Missiles        Chrm/Air       ##........   12%         2    None
d - Blink                 Tloc           N/A          1%          2    None
e - Flight                Chrm/Air       ##........   21%         3    ##.....


Dungeon Overview and Level Annotations

Branches:
Dungeon (16/16)            Temple (1/1) D:7             Orc (3/4) D:11
   Lair (8/8) D:8          Shoals (1/5) Lair:6        Snake (3/5) Lair:4
  Slime (0/6) Lair:8       Vaults (0/5) D:15         Depths (0/6) D:16
    Elf: Orc:3-4

Altars:
Ashenzari
Cheibriados
Elyvilon
Fedhas
Kikubaaqudgha
Makhleb
Nemelex Xobeh
Okawaru
Sif Muna
Trog
Vehumet
Xom
Yredelemnul
Zin
the Shining One
Beogh
Jiyva

Shops:
D:13 ?   D:15 [   Orc:3 :   Shoals:1 [

Annotations:
D:2 Jessica, Terence
D:3 Nicoed's ghost, average DrTm
D:11 exclusion: orange crystal statue
Orc:3 exclusion: silver statue
Lair:5 Rupert


Innate Abilities, Weirdness & Mutations

You are resistant to damage.
You can recharge devices by infusing magical energy.
You resist negative energy.
You passively map the area around you.
You do not heal naturally.
You have sharp fingernails.
You can translocate small distances at will.


Message History

The naga wields a runed halberd.
The naga warrior hits you with a halberd!
* * * LOW HITPOINT WARNING * * *
The naga warrior constricts you.
Casting: Vampiric Draining
Confirm with . or Enter, or press ? or * to list all spells.
Aiming: Vampiric Draining
Press: ? - help, Shift-Dir - straight line, f - naga warrior
Aim: a naga warrior, wielding a halberd (moderately wounded, constricting you)
The naga warrior is heavily wounded.
You feel life coursing into your body. The naga barely misses you.
The naga warrior hits you with a halberd!
* * * LOW HITPOINT WARNING * * *
The naga warrior constricts you.
Read which item? (? for menu, Esc to quit)
Blink to where?
Press: ? - help, Dir - move target cursor, p - naga warrior Your attempt to break free from the naga warrior fails, but you feel that another attempt might succeed.
The naga hits you from afar with a runed halberd!
You die...

#....#.####).#...#>.....#### #
#....#....).)#...#.##..##..## #
#....#.......#...#.#........## #
#....'.......#...#...........# #
#....#.......#...'...........####
#....#.......#...#.#........#....
######.......#...#.#....>...##...
.............#####...............
................@N...........#...
..........########N#........##...
..........# #.##..##..###...
..........# #N.....#### #...
######....# #.N)...# #...
.....#....# #..%)..# #...
.....'....# #......# #...
.....#....# #......######...
.....#.^..########...............


You could see a naga warrior and a naga.

Vanquished Creatures
  Snorg (D:15)
  6 hydras
  A yaktaur captain (D:16)
  Harold (Lair:1)
  Erica (D:15)
  An anaconda (Snake:2)
  12 death yaks
  3 naga warriors
  An orc high priest (Orc:2)
  Nergalle (Lair:5)
  2 ice devils
  4 sea snakes
  5 centaur warriors
  A skeletal warrior (D:14)
  A catoblepas (Lair:8)
  3 unseen horrors
  2 ice statues (IceCv)
  2 necromancers (D:15)
  A lindwurm (Lair:6)
  3 hill giants
  A giant amoeba (Lair:8)
  2 orc knights
  3 griffons
  An orc sorcerer (Orc:3)
  4 elephants (Lair:8)
  A frost giant zombie (D:16)
  5 cyclopes
  A sixfirhy (Orc:2)
  2 guardian serpents (Snake:2)
  Maurice (D:9)
  12 black mambas
  2 eyes of devastation
  2 feature mimics
  7 spiny frogs
  5 yaktaurs
  A fire drake (Lair:4)
  2 naga magi (Snake:1)
  9 komodo dragons
  2 two-headed ogres
  2 brown oozes (Lair:8)
  6 trolls
  A polar bear (Lair:3)
  Sonja (D:12)
  A catoblepas zombie (D:16)
  2 snapping turtles (Shoals:1)
  A hydra skeleton (D:14)
  12 blink frogs
  10 slime creatures
  A trapdoor spider (D:14)
  A fire dragon zombie (D:14)
  A basilisk (Lair:2)
  12 ugly things
  A shark (Lair:2)
  An elephant slug (Lair:4)
  3 wyverns
  6 humans (D:15)
  93 yaks
  A vampire (D:16)
  Grum (D:12)
  2 fire elementals (Snake:2)
  6 vampire mosquitoes (Lair:5)
  6 hippogriffs
  9 wolves
  A hill giant skeleton (D:13)
  4 hungry ghosts
  2 soldier ants
  Edmund (D:9)
  5 manticores
  A merfolk (Shoals:1)
  4 hell hounds (Snake:2)
  A necrophage (D:10)
  23 orc warriors
  2 phantoms
  10 porcupines
  7 giant goldfish
  11 nagas
  2 yellow wasps
  16 centaurs
  5 ogres
  4 sky beasts
  An ice beast (IceCv)
  4 boring beetles
  8 giant slugs
  14 crocodiles
  2 big kobolds (D:9)
  A warg (D:11)
  14 giant frogs
  29 water moccasins
  A komodo dragon skeleton (D:11)
  A manticore zombie (D:9)
  3 agate snails (Lair:8)
  A cyclops zombie (D:16)
  A yaktaur skeleton (D:12)
  A cyclops skeleton (D:9)
  12 killer bees
  5 jellyfish
  2 eyes of draining
  2 troll skeletons
  8 electric eels
  10 wights (D:12)
  6 crimson imps
  4 goliath beetles
  A giant frog zombie (D:8)
  5 hounds
  A giant frog skeleton (D:9)
  19 orc priests
  7 iguanas
  17 jellies
  2 big fish (Lair:2)
  An orange rat (D:7)
  A centaur skeleton (D:12)
  22 orc wizards
  A scorpion (D:7)
  12 worker ants
  7 sheep
  A big kobold skeleton (D:11)
  2 ogre skeletons
  11 gnolls
  31 green rats
  33 adders
  4 giant centipedes
  4 giant mites
  5 worms
  2 giant eyeballs (D:7)
  4 grey rats (D:7)
  10 giant geckos
  An ooze (D:4)
  139 orcs
  4 ball pythons
  A bat skeleton (D:6)
  25 goblins
  24 hobgoblins
  40 jackals
  26 bats
  4 giant cockroaches
  A giant gecko skeleton (D:4)
  9 giant newts
  A giant spore (D:6)
  39 kobolds
  8 quokkas
  A quokka skeleton (D:5)
  26 rats
  4 spectral orcs (Lair:5)
  3 ballistomycetes (D:6)
  3 fungi
  2 plants (Lair:6)
1088 creatures vanquished.

Vanquished Creatures (collateral kills)
  Donald (Orc:3)
  Maud (D:15)
  The ghost of wuxia the Martial Artist, a powerful DrTm of Cheibriados (Lair:8)
  Azrael (Snake:2)
  2 vault guards (D:15)
  7 death yaks (Lair:8)
  A naga warrior (Snake:2)
  2 catoblepae (Lair:8)
  2 skeletal warriors (D:14)
  4 ice devils
  2 hill giants (D:15)
  A slime creature (D:15)
  A black mamba (Lair:8)
  Psyche (Orc:3)
  A spiny frog (Lair:8)
  A brown ooze (Lair:8)
  2 blue devils (IceCv)
  3 yaks (Lair:8)
  3 wraiths
  A fire elemental (Snake:2)
  A wyvern (Lair:8)
  An iron troll simulacrum (IceCv)
  A hippogriff (D:16)
  15 humans (D:15)
  A manticore (D:15)
  2 nagas (Snake:2)
  2 ice beasts
  A water moccasin (Snake:2)
  A mummy (D:13)
  An ufetubus (Orc:3)
64 creatures vanquished.

Vanquished Creatures (others)
  An Executioner (Snake:2)
  A cacodemon (D:14)
  2 blizzard demons (Snake:2)
  2 green deaths
  A water moccasin (Snake:1)
  An orc wizard (D:16)
  2 adders (Snake:1)
  An orc (D:13)
  A ball python (Snake:1)
  5 fungi (Lair:8)
  17 plants
34 creatures vanquished.

Grand Total: 1186 creatures vanquished

Notes
Turn   | Place    | Note
--------------------------------------------------------------
     0 | D:1      | ReteAZ, the Deep Dwarf Necromancer, began the quest for the Orb.
     0 | D:1      | Reached XP level 1. HP: 15/15 MP: 2/2
   178 | D:1      | Reached XP level 2. HP: 14/22 MP: 0/4
   461 | D:1      | Reached skill level 5 in Necromancy
   651 | D:1      | Reached XP level 3. HP: 15/28 MP: 0/6
   728 | D:1      | Learned a level 3 spell: Vampiric Draining
  1298 | D:2      | Found a blossoming altar of Fedhas.
  1565 | D:2      | Reached skill level 6 in Necromancy
  1565 | D:2      | Reached XP level 4. HP: 33/36 MP: 0/7
  1816 | D:2      | Noticed Terence
  1865 | D:2      | Noticed Jessica
  2025 | D:3      | Found a sparkling altar of Nemelex Xobeh.
  2026 | D:3      | Noticed Nicoed's ghost (average DrTm)
  2640 | D:4      | Reached skill level 7 in Necromancy
  2640 | D:4      | Reached XP level 5. HP: 39/42 MP: 3/9
  3305 | D:4      | Reached XP level 6. HP: 39/49 MP: 4/10
  3515 | D:4      | Reached skill level 8 in Necromancy
  3636 | D:5      | Entered Level 5 of the Dungeon
  3932 | D:5      | Reached skill level 1 in Fighting
  4215 | D:5      | Reached XP level 7. HP: 39/61 MP: 5/14
  4968 | D:5      | Found a blossoming altar of Fedhas.
  4968 | D:5      | Found a sparkling altar of Nemelex Xobeh.
  4971 | D:5      | Found an iron altar of Okawaru.
  5425 | D:6      | Found a radiant altar of Vehumet.
  5636 | D:6      | Reached XP level 8. HP: 57/72 MP: 8/16
  5656 | D:6      | Reached skill level 5 in Dodging
  5707 | D:6      | Reached skill level 1 in Axes
  6170 | D:7      | Found a staircase to the Ecumenical Temple.
  6176 | Temple   | Entered the Ecumenical Temple
  6203 | Temple   | Became a worshipper of Makhleb the Destroyer
  6474 | D:7      | Reached skill level 5 in Axes
  6521 | D:7      | Acquired Makhleb's first power
  6843 | D:7      | Found a snail-covered altar of Cheibriados.
  6878 | D:7      | Paralysed by a giant eyeball for 2 turns
  6881 | D:7      | Paralysed by a giant eyeball for 2 turns
  7274 | D:8      | Got a pitted hand axe
  7276 | D:8      | Identified the cursed +0,+2 hand axe of the Sugar Beet {venom, rN+ Str+2 Stlth++} (You found it on level 8 of the Dungeon)
  7321 | D:8      | Found a basalt altar of Yredelemnul.
  7345 | D:8      | Gained mutation: You passively map the area around you. [level up]
  7345 | D:8      | Reached XP level 9. HP: 61/78 MP: 15/17
  7347 | D:8      | Acquired Makhleb's second power
  7454 | D:8      | Gained mutation: You have sharp fingernails. [potion of beneficial mutation]
  7601 | D:8      | Found a staircase to the Lair.
  7773 | D:8      | Reached skill level 9 in Axes
  7865 | D:8      | Found a white marble altar of Elyvilon.
  8020 | D:8      | Acquired Makhleb's third power
  8144 | D:9      | Reached skill level 10 in Axes
  8211 | D:9      | Noticed Edmund
  8223 | D:9      | Killed Edmund
  8661 | D:9      | Reached skill level 5 in Spellcasting
  8724 | D:9      | Acquired Makhleb's fourth power
  8837 | D:9      | Noticed a cyclops
  8848 | D:9      | Killed a cyclops
  8848 | D:9      | Reached XP level 10. HP: 70/85 MP: 13/22
  9251 | D:9      | Noticed Maurice
  9290 | D:9      | Killed Maurice
  9485 | D:10     | Entered Level 10 of the Dungeon
  9730 | D:10     | Found a flagged portal.
  9795 | Bailey   | Entered a bailey
 10123 | D:10     | Noticed a five-headed hydra
 10150 | D:10     | Killed a five-headed hydra
 10272 | D:10     | Acquired Makhleb's fifth power
 10405 | D:10     | Reached skill level 10 in Necromancy
 10476 | D:10     | Noticed a cyclops
 10484 | D:10     | Killed a cyclops
 10542 | D:10     | Reached XP level 11. HP: 89/92 MP: 14/25
 10882 | Lair:1   | Entered Level 1 of the Lair of Beasts
 10952 | Lair:1   | Noticed Harold
 10971 | Lair:1   | Killed Harold
 10971 | Lair:1   | Reached skill level 11 in Axes
 11486 | Lair:1   | Reached skill level 12 in Axes
 12023 | Lair:2   | Reached skill level 13 in Axes
 12509 | Lair:2   | Reached skill level 14 in Axes
 13277 | Lair:3   | Reached XP level 12. HP: 99/99 MP: 23/26
 13312 | Lair:3   | Noticed a four-headed hydra
 13329 | Lair:3   | Killed a four-headed hydra
 13527 | Lair:3   | Reached skill level 15 in Axes
 13768 | Lair:4   | Found a staircase to the Shoals.
 13780 | Lair:4   | Reached skill level 1 in Armour
 14007 | Lair:4   | Reached skill level 5 in Armour
 14203 | Lair:4   | Found a staircase to the Snake Pit.
 14379 | Lair:4   | Gained mutation: You can translocate small distances at will. [potion of beneficial mutation]
 14635 | Lair:5   | Noticed Nergalle
 14681 | Lair:5   | Found an iron altar of Okawaru.
 14762 | Lair:5   | Reached skill level 5 in Fighting
 14780 | Lair:5   | Noticed Rupert
 14837 | Lair:5   | Killed Nergalle
 15216 | Lair:6   | Found a staircase to the Shoals.
 15317 | Lair:6   | Reached skill level 1 in Invocations
 15317 | Lair:6   | Reached skill level 1 in Evocations
 15603 | Lair:6   | Noticed a five-headed hydra
 15620 | Lair:6   | Killed a five-headed hydra
 15807 | Lair:6   | Reached XP level 13. HP: 59/115 MP: 27/27
 16022 | Lair:6   | Learned a level 2 spell: Repel Missiles
 17116 | Lair:7   | Reached skill level 10 in Dodging
 17176 | Lair:7   | Reached skill level 16 in Axes
 17213 | Lair:7   | Reached skill level 1 in Charms
 17436 | Lair:8   | Entered Level 8 of the Lair of Beasts
 17458 | Lair:8   | Noticed wuxia's ghost (powerful DrTm)
 17500 | Lair:8   | Learned a level 2 spell: Blink
 18626 | D:11     | Found a staircase to the Orcish Mines.
 18658 | D:11     | Reached skill level 5 in Invocations
 18993 | D:11     | Reached skill level 1 in Translocations
 19156 | D:12     | Noticed Sonja
 19282 | D:12     | You fall through a shaft for 3 floors!
 19282 | D:15     | Entered Level 15 of the Dungeon
 19292 | D:15     | Noticed Snorg
 19430 | D:15     | Found Eriliran's Antique Armour Shoppe.
 19439 | D:14     | Found a viscous altar of Jiyva.
 19629 | D:14     | Reached skill level 5 in Translocations
 19929 | D:14     | Gained mutation: You resist negative energy. [level up]
 19929 | D:14     | Reached XP level 14. HP: 67/123 MP: 0/26
 20309 | D:13     | Found Soab Aha's Magic Scroll Boutique.
 20320 | D:13     | Bought a scroll of teleportation for 30 gold pieces
 20320 | D:13     | Bought a scroll of teleportation for 30 gold pieces
 20320 | D:13     | Bought a scroll of identify for 20 gold pieces
 20320 | D:13     | Bought a scroll of enchant weapon II for 55 gold pieces
 20320 | D:13     | Bought a scroll of enchant weapon III for 200 gold pieces
 20320 | D:13     | Bought a scroll of enchant weapon II for 55 gold pieces
 20320 | D:13     | Bought a scroll of identify for 20 gold pieces
 20408 | D:12     | Noticed Grum
 20448 | D:12     | Killed Grum
 20993 | D:12     | Killed Sonja
 21689 | D:10     | Killed an unseen horror
 21829 | Orc:1    | Entered Level 1 of the Orcish Mines
 21937 | Orc:1    | Found a bloodstained altar of Trog.
 23128 | Orc:2    | Found a roughly hewn altar of Beogh.
 23259 | Orc:3    | Found a bloodstained altar of Trog.
 23458 | Orc:3    | Noticed Donald
 23481 | Orc:3    | Killed Donald
 23574 | Orc:3    | Noticed Psyche
 23595 | Orc:3    | Killed Psyche
 23856 | Orc:3    | Found Ymuupopn's Book Boutique.
 25202 | Lair:8   | Found a staircase to the Slime Pits.
 25499 | Lair:8   | Killed wuxia's ghost
 25499 | Lair:8   | Reached skill level 17 in Axes
 25808 | Lair:8   | Got a pair of warped boots
 25809 | Lair:8   | Identified the +0 pair of boots "Kojetetu" {SInv} (You found it on level 8 of the Lair of Beasts)
 26556 | D:14     | Reached skill level 10 in Invocations
 26886 | D:14     | Reached XP level 15. HP: 82/129 MP: 23/27
 27709 | D:15     | Noticed Maud
 27725 | D:15     | Killed Maud
 27856 | D:15     | Found a gate to the Vaults.
 27976 | D:15     | Killed Snorg
 28144 | D:15     | Noticed Erica
 28188 | D:15     | Killed Erica
 28343 | D:16     | Entered Level 16 of the Dungeon
 28762 | D:16     | Found a frozen archway.
 28785 | D:16     | Reached skill level 18 in Axes
 28796 | IceCv    | Entered an ice cave
 28955 | IceCv    | HP: 3/129 [iron troll simulacrum (7)]
 29247 | D:16     | Found a staircase to the Depths.
 29905 | Lair:4   | the staircase to the Shoals was a mimic.
 29955 | Shoals:1 | Entered Level 1 of the Shoals
 29963 | Shoals:1 | Found Twabant's Armour Boutique.
 30079 | Shoals:1 | Bought a +0 elven cloak of poison resistance for 63 gold pieces
 30079 | Shoals:1 | Bought a +1 pair of gloves of strength for 154 gold pieces
 30088 | Shoals:1 | Bought the +2 robe of Imuepat {+Rage rC+ Acc+4} for 504 gold pieces
 30318 | Snake:1  | Entered Level 1 of the Snake Pit
 30750 | Snake:1  | Reached skill level 19 in Axes
 31863 | Snake:2  | Learned a level 3 spell: Flight
 32188 | Snake:2  | Noticed Azrael
 32218 | Snake:2  | Killed Azrael
 32501 | Snake:2  | HP: 3/129 [naga warrior/halberd (19)]
 32502 | Snake:2  | Slain by a naga

Action                   |  1- 3 |  4- 6 |  7- 9 | 10-12 | 13-15 || total
-------------------------+-------+-------+-------+-------+-------++-------
Melee: Unarmed           |    29 |       |       |       |       ||    29
       Dagger            |     5 |    96 |    36 |       |       ||   137
       War axe           |       |       |    99 |       |       ||    99
       Hand axe          |       |       |   201 |  1345 |  1468 ||  3014
       Battleaxe         |       |       |       |       |  1029 ||  1029
Throw: Dart              |       |     4 |    19 |    13 |       ||    36
       Tomahawk          |       |       |     6 |    30 |    52 ||    88
 Cast: Pain              |    64 |   117 |   232 |   228 |   343 ||   984
       Vampiric Draining |    10 |    17 |    85 |   168 |   441 ||   721
       Repel Missiles    |       |       |       |       |    13 ||    13
Invok: Greater Servant o |       |       |       |       |    21 ||    21
 Abil: Device Recharging |       |       |       |       |     2 ||     2
Evoke: Wand              |       |     2 |    11 |     8 |    45 ||    66
  Use: Scroll            |     2 |     9 |     9 |    10 |    28 ||    58
       Potion            |     1 |       |     1 |     7 |    11 ||    20
 Stab: Sleeping          |       |       |     5 |     6 |    16 ||    27
       Distracted        |       |       |       |       |     6 ||     6
       Confused          |       |       |       |       |     3 ||     3
       Invisible         |       |       |       |       |     2 ||     2
